TOP OF THE 1ST |
Burlington Royals batting - Pitching for Baltimore (APP) Orioles : RHP Bob Bychyk
|
Pitching: RHP Bob Bychyk
|
|
Batting: RHB Kyle Finney
|
0-0: Called Strike 0-1: Foul Ball, location: 2F 0-2: Strikes out swinging
|
Batting: RHB John Normand
|
0-0: Swinging Strike 0-1: Ball 1-1: Hit by Pitch
|
Batting: RHB Luis Mendoza
|
0-0: Foul Ball, location: 2F 0-1: Swinging Strike 0-2: Strikes out swinging
|
Batting: RHB Simon Sultzbach
|
0-0: Called Strike 0-1: Ball 1-1: Ground out 4-3 (Groundball, 4, EV 100.6 MPH)
|
Top of the 1st over - 0 runs, 0 hits, 0 errors, 1 left on base; Burlington 0 - Baltimore (APP) 0 |
BOTTOM OF THE 1ST |
Baltimore (APP) Orioles batting - Pitching for Burlington Royals : RHP Chris Elliott
|
Pitching: RHP Chris Elliott
|
|
Batting: LHB Edwin Cabral
|
0-0: Called Strike 0-1: Called Strike 0-2: Ball 1-2: Ball 2-2: Foul Ball, location: 2F 2-2: Ball 3-2: SINGLE (Line Drive, 9LS, EV 113.1 MPH)
|
Batting: LHB Ivan Alvarez
|
0-0: Called Strike 0-1: Ball Edwin Cabral steals 2nd base 1-1: Ball 2-1: Foul Ball, location: 2F 2-2: Reached on error, E1 (Groundball, 15S, EV 68.8 MPH) Edwin Cabral to third
|
Batting: SHB Shannon Britten
|
0-0: Called Strike 0-1: Foul Ball, location: 2F 0-2: SINGLE (Line Drive, 34D, EV 95.0 MPH) Edwin Cabral scores Ivan Alvarez to second Runner from 2nd tries for 3rd, SAFE, no throw by RF
|
Batting: RHB Adam Hudson
|
0-0: Called Strike 0-1: Ball 1-1: Fly out, F9 (Flyball, 9S, EV 84.4 MPH)
|
Batting: LHB Bryan Davidson
|
0-0: Ball 1-0: Swinging Strike 1-1: Ball 2-1: Foul Ball, location: 2F 2-2: Foul Ball, location: 2F 2-2: Ball 3-2: Fly out, F8 (Flyball, 8LXD, EV 102.5 MPH) Runner from 3rd tags up, SCORES, no throw by CF
|
Batting: RHB Javier Brizuela
|
0-0: Called Strike 0-1: Fly out, F8 (Flyball, 8RM, EV 86.9 MPH)
|
Bottom of the 1st over - 2 runs, 2 hits, 1 error, 1 left on base; Burlington 0 - Baltimore (APP) 2 |
TOP OF THE 2ND |
Burlington Royals batting - Pitching for Baltimore (APP) Orioles : RHP Bob Bychyk
|
Batting: RHB Josh Massey
|
0-0: Foul Ball, location: 2F 0-1: Called Strike 0-2: Ball 1-2: Ball 2-2: Ball 3-2: Fly out, F4 (Line Drive, 4, EV 70.6 MPH)
|
Batting: RHB Leo Lopez
|
0-0: Ball 1-0: Ball 2-0: Foul Ball, location: 2F 2-1: Ball 3-1: Called Strike 3-2: DOUBLE (Flyball, 78D, EV 96.9 MPH)
|
Batting: RHB Matt Weddle
|
0-0: Ball 1-0: Ball 2-0: Ball 3-0: Called Strike 3-1: Base on Balls
|
Batting: RHB Nick Spriggs
|
0-0: Fielders Choice at 2nd, 6-4 (Groundball, 6, EV 80.6 MPH) Leo Lopez to third
|
Batting: RHB Danny Jefferies
|
0-0: Ball 1-0: SINGLE (Groundball, 6M, EV 88.8 MPH) (infield hit) Leo Lopez scores Nick Spriggs to second
|
Batting: RHB Kyle Finney
|
0-0: Ball 1-0: Ball 2-0: Foul Ball, location: 2F 2-1: TRIPLE (Groundball, 3L, EV 106.2 MPH) Nick Spriggs scores Danny Jefferies scores
|
Batting: RHB John Normand
|
0-0: Ball 1-0: Foul Ball, location: 2F 1-1: Fly out, F8 (Flyball, 8RD, EV 98.1 MPH)
|
Top of the 2nd over - 3 runs, 3 hits, 0 errors, 1 left on base; Burlington 3 - Baltimore (APP) 2 |
BOTTOM OF THE 2ND |
Baltimore (APP) Orioles batting - Pitching for Burlington Royals : RHP Chris Elliott
|
Batting: RHB Pedro Luera
|
0-0: Ball 1-0: Swinging Strike 1-1: Swinging Strike 1-2: Foul Ball, location: 2F 1-2: Foul Ball, location: 2F 1-2: Foul Ball, location: 2F 1-2: Strikes out swinging
|
Batting: RHB Jeff Parlo
|
0-0: Called Strike 0-1: Ball 1-1: Swinging Strike 1-2: Ball 2-2: Ball 3-2: Base on Balls
|
Batting: RHB Tyler Cohen
|
0-0: Called Strike 0-1: Swinging Strike 0-2: Ground out 4-3 (Groundball, 13, EV 93.1 MPH) Jeff Parlo to second
|
Batting: LHB Edwin Cabral
|
0-0: Ground out 5-3 (Groundball, 15, EV 80.6 MPH)
|
Bottom of the 2nd over - 0 runs, 0 hits, 0 errors, 1 left on base; Burlington 3 - Baltimore (APP) 2 |
TOP OF THE 3RD |
Burlington Royals batting - Pitching for Baltimore (APP) Orioles : RHP Bob Bychyk
|
Batting: RHB Luis Mendoza
|
0-0: Ground out 6-3 (Groundball, 6, EV 83.8 MPH)
|
Batting: RHB Simon Sultzbach
|
0-0: Foul Ball, location: 2F 0-1: Ball 1-1: Foul Ball, location: 2F 1-2: Foul Ball, location: 2F 1-2: Ball 2-2: Ball 3-2: SOLO HOME RUN (Flyball, 7D, EV 101.2 MPH), Distance : 393 ft
|
Batting: RHB Josh Massey
|
0-0: Foul Ball, location: 2F 0-1: DOUBLE (Flyball, 8RXD, EV 95.6 MPH)
|
Batting: RHB Leo Lopez
|
0-0: Ball 1-0: Fly out, F8 (Flyball, 8LD, EV 91.9 MPH)
|
Batting: RHB Matt Weddle
|
0-0: Foul Ball, location: 2F 0-1: Swinging Strike 0-2: Foul Ball, location: 2F 0-2: Strikes out swinging
|
Top of the 3rd over - 1 run, 2 hits, 0 errors, 1 left on base; Burlington 4 - Baltimore (APP) 2 |
BOTTOM OF THE 3RD |
Baltimore (APP) Orioles batting - Pitching for Burlington Royals : RHP Chris Elliott
|
Batting: LHB Ivan Alvarez
|
0-0: Swinging Strike 0-1: Called Strike 0-2: Strikes out looking
|
Batting: SHB Shannon Britten
|
0-0: Called Strike 0-1: Ball 1-1: Ball 2-1: Ball 3-1: Foul Ball, location: 2F 3-2: Base on Balls
|
Batting: RHB Adam Hudson
|
0-0: Ball 1-0: Called Strike 1-1: Swinging Strike 1-2: Ball 2-2: Fly out, F9 (Flyball, 9D, EV 98.1 MPH)
|
Batting: LHB Bryan Davidson
|
0-0: Ball Shannon Britten steals 2nd base 1-0: Foul Ball, location: 2F 1-1: Ball 2-1: Ball Wild Pitch! Shannon Britten to third 3-1: Base on Balls
|
Batting: RHB Javier Brizuela
|
0-0: Called Strike 0-1: Called Strike 0-2: Ball 1-2: Reached on error, E5 (Groundball, 56, EV 88.1 MPH) Shannon Britten scores Bryan Davidson to second
|
Batting: RHB Pedro Luera
|
0-0: Ball 1-0: Swinging Strike 1-1: Ball 2-1: Foul Ball, location: 2F 2-2: Hit by Pitch Bryan Davidson to third Javier Brizuela to second
|
Batting: RHB Jeff Parlo
|
0-0: Swinging Strike 0-1: Ball 1-1: Ground out U3 (Groundball, 34, EV 105.6 MPH)
|
Bottom of the 3rd over - 1 run, 0 hits, 1 error, 3 left on base; Burlington 4 - Baltimore (APP) 3 |
TOP OF THE 4TH |
Burlington Royals batting - Pitching for Baltimore (APP) Orioles : RHP Bob Bychyk
|
Batting: RHB Nick Spriggs
|
0-0: Ball 1-0: Swinging Strike 1-1: Fly out, F2 (Popup, 2R, EV 80.6 MPH)
|
Batting: RHB Danny Jefferies
|
0-0: Ball 1-0: Called Strike 1-1: Called Strike 1-2: Ball 2-2: Foul Ball, location: 2F 2-2: Strikes out swinging
|
Batting: RHB Kyle Finney
|
0-0: Called Strike 0-1: Ball 1-1: Swinging Strike 1-2: Ball 2-2: SINGLE (Groundball, 6MD, EV 96.2 MPH)
|
Batting: RHB John Normand
|
0-0: Ball 1-0: Called Strike 1-1: Fly out, F8 (Flyball, 8LM, EV 96.2 MPH)
|
Top of the 4th over - 0 runs, 1 hit, 0 errors, 1 left on base; Burlington 4 - Baltimore (APP) 3 |
BOTTOM OF THE 4TH |
Baltimore (APP) Orioles batting - Pitching for Burlington Royals : RHP Chris Elliott
|
Batting: RHB Tyler Cohen
|
0-0: Ball 1-0: Ball 2-0: Ball 3-0: Base on Balls
|
Batting: LHB Edwin Cabral
|
0-0: Called Strike 0-1: Ball 1-1: SINGLE (Groundball, 4MD, EV 103.8 MPH) Tyler Cohen to second
|
Batting: LHB Ivan Alvarez
|
0-0: Fly out, F8 (Flyball, 8LD, EV 80.0 MPH)
|
Batting: SHB Shannon Britten
|
0-0: Reached on error, E6 (Groundball, 6M, EV 88.8 MPH) Tyler Cohen scores Edwin Cabral to third
|
Batting: RHB Adam Hudson
|
0-0: Foul Ball, location: 2F 0-1: Ball 1-1: Foul Ball, location: 2F 1-2: Ball 2-2: Foul Ball, location: 2F 2-2: Ball 3-2: Hit by Pitch
|
Pitching: LHP David Wright
|
|
Batting: LHB Bryan Davidson
|
0-0: Swinging Strike 0-1: Called Strike 0-2: Strikes out looking
|
Pinch Hitting: RHB Michael Powell
|
0-0: Ball 1-0: Foul Ball, location: 2F 1-1: Foul Ball, location: 2F 1-2: SINGLE (Flyball, 56D, EV 88.8 MPH) Edwin Cabral scores Shannon Britten to third Adam Hudson to second Runner from 3rd tries for Home, SAFE, throw by LF to home
|
Batting: RHB Pedro Luera
|
0-0: Fielders Choice at 2nd, 6-4 (Groundball, 6, EV 91.2 MPH)
|
Bottom of the 4th over - 3 runs, 2 hits, 1 error, 2 left on base; Burlington 4 - Baltimore (APP) 6 |
TOP OF THE 5TH |
Burlington Royals batting - Pitching for Baltimore (APP) Orioles : RHP Bob Bychyk
|
Now in LF: Willie Carmona
|
|
Batting: RHB Luis Mendoza
|
0-0: Ball 1-0: Called Strike 1-1: Ball 2-1: Foul Ball, location: 2F 2-2: Foul Ball, location: 2F 2-2: Ground out 4-3 (Groundball, 4, EV 100.0 MPH)
|
Batting: RHB Simon Sultzbach
|
0-0: Ball 1-0: Swinging Strike 1-1: Called Strike 1-2: Fly out, F9 (Flyball, 9, EV 98.1 MPH)
|
Batting: RHB Josh Massey
|
0-0: Ball 1-0: SOLO HOME RUN (Flyball, 78XD, EV 114.4 MPH), Distance : 430 ft
|
Pitching: RHP Joe Sloboda
|
|
Batting: RHB Leo Lopez
|
0-0: Called Strike 0-1: Called Strike 0-2: Strikes out swinging
|
Top of the 5th over - 1 run, 1 hit, 0 errors, 0 left on base; Burlington 5 - Baltimore (APP) 6 |
BOTTOM OF THE 5TH |
Baltimore (APP) Orioles batting - Pitching for Burlington Royals : LHP David Wright
|
Batting: RHB Jeff Parlo
|
0-0: Foul Ball, location: 2F 0-1: Ball 1-1: Foul Ball, location: 2F 1-2: Strikes out swinging
|
Batting: RHB Tyler Cohen
|
0-0: Ball 1-0: Fly out, F7 (Flyball, 7LD, EV 107.5 MPH)
|
Batting: LHB Edwin Cabral
|
0-0: Called Strike 0-1: Ground out 6-3 (Groundball, 6, EV 89.4 MPH)
|
Bottom of the 5th over - 0 runs, 0 hits, 0 errors, 0 left on base; Burlington 5 - Baltimore (APP) 6 |
TOP OF THE 6TH |
Burlington Royals batting - Pitching for Baltimore (APP) Orioles : RHP Joe Sloboda
|
Pinch Hitting: RHB Chris Stec
|
0-0: Foul Ball, location: 2F 0-1: Fly out, F8 (Line Drive, 8LM, EV 93.1 MPH)
|
Batting: RHB Nick Spriggs
|
0-0: Swinging Strike 0-1: Called Strike 0-2: Ball 1-2: Ball 2-2: Foul Ball, location: 2F 2-2: Strikes out looking
|
Pinch Hitting: LHB Javy Rueda
|
0-0: Ball 1-0: Foul Ball, location: 2F 1-1: Fly out, F7 (Flyball, 7D, EV 99.4 MPH)
|
Top of the 6th over - 0 runs, 0 hits, 0 errors, 0 left on base; Burlington 5 - Baltimore (APP) 6 |
BOTTOM OF THE 6TH |
Baltimore (APP) Orioles batting - Pitching for Burlington Royals : LHP David Wright
|
Now in LF: Chris Stec
|
|
Now in RF: Javy Rueda
|
|
Batting: LHB Ivan Alvarez
|
0-0: Ball 1-0: Called Strike 1-1: Foul Ball, location: 2F 1-2: Strikes out swinging
|
Pitching: RHP Ryan Robbins
|
|
Batting: SHB Shannon Britten
|
0-0: Called Strike 0-1: Ball 1-1: Called Strike 1-2: Ball 2-2: Foul Ball, location: 2F 2-2: Ball 3-2: SOLO HOME RUN (Flyball, 9D, EV 103.8 MPH), Distance : 400 ft
|
Batting: RHB Adam Hudson
|
0-0: Called Strike 0-1: Foul Ball, location: 2F 0-2: Ball 1-2: Ball 2-2: Foul Ball, location: 2F 2-2: Foul Ball, location: 2F 2-2: SINGLE (Groundball, 56D, EV 101.9 MPH)
|
Batting: LHB Bryan Davidson
|
0-0: Ball 1-0: Ball 2-0: Ball 3-0: Base on Balls Adam Hudson to second
|
Pitching: LHP Omar Nogueira
|
|
Batting: RHB Willie Carmona
|
0-0: Called Strike 0-1: Foul Ball, location: 2F 0-2: Foul Ball, location: 2F 0-2: Ball 1-2: Foul Ball, location: 2F 1-2: Ball 2-2: Strikes out swinging
|
Batting: RHB Pedro Luera
|
0-0: Called Strike 0-1: Ground out 5-3 (Groundball, 56S, EV 70.0 MPH)
|
Bottom of the 6th over - 1 run, 2 hits, 0 errors, 2 left on base; Burlington 5 - Baltimore (APP) 7 |
TOP OF THE 7TH |
Burlington Royals batting - Pitching for Baltimore (APP) Orioles : RHP Joe Sloboda
|
Batting: RHB Kyle Finney
|
0-0: Called Strike 0-1: Ball 1-1: Ground out 5-3 (Groundball, 56, EV 80.6 MPH)
|
Batting: RHB John Normand
|
0-0: Ball 1-0: Ball 2-0: Swinging Strike 2-1: Called Strike 2-2: Fly out, F9 (Line Drive, 89M, EV 90.6 MPH)
|
Batting: RHB Luis Mendoza
|
0-0: Ball 1-0: Ball 2-0: Ball 3-0: Base on Balls
|
Batting: RHB Simon Sultzbach
|
0-0: Called Strike 0-1: Hit by Pitch Luis Mendoza to second
|
Batting: RHB Josh Massey
|
0-0: Called Strike 0-1: Ball 1-1: Foul Ball, location: 2F 1-2: Foul Ball, location: 2F 1-2: Ball 2-2: Foul Ball, location: 2F 2-2: Fielders Choice at 2nd, 6-4 (Groundball, 6, EV 77.5 MPH)
|
Top of the 7th over - 0 runs, 0 hits, 0 errors, 2 left on base; Burlington 5 - Baltimore (APP) 7 |
BOTTOM OF THE 7TH |
Baltimore (APP) Orioles batting - Pitching for Burlington Royals : LHP Omar Nogueira
|
Batting: RHB Jeff Parlo
|
0-0: Called Strike 0-1: DOUBLE (Flyball, 8LD, EV 96.9 MPH)
|
Batting: RHB Tyler Cohen
|
0-0: Called Strike 0-1: Foul Ball, location: 2F 0-2: Ball 1-2: Strikes out swinging
|
Batting: LHB Edwin Cabral
|
0-0: Ball 1-0: Ball 2-0: Foul Ball, location: 2F 2-1: Ball 3-1: Base on Balls
|
Pitching: RHP David Bialas
|
|
Batting: LHB Ivan Alvarez
|
0-0: Foul Ball, location: 2F 0-1: DOUBLE (Line Drive, 8LD, EV 95.0 MPH) Jeff Parlo scores Edwin Cabral to third
|
Batting: SHB Shannon Britten
|
0-0: Called Strike 0-1: Foul Ball, location: 2F 0-2: SINGLE (Groundball, P, EV 82.5 MPH) (infield hit) Edwin Cabral scores Ivan Alvarez to third
|
Batting: RHB Adam Hudson
|
0-0: Ball 1-0: Ball 2-0: Ball 3-0: Base on Balls Shannon Britten to second
|
Batting: LHB Bryan Davidson
|
0-0: Ball 1-0: Called Strike 1-1: Ball 2-1: Foul Ball, location: 2F 2-2: Strikes out looking
|
Batting: RHB Willie Carmona
|
0-0: Called Strike 0-1: Ball 1-1: Fielders Choice at 2nd, 6-4 (Groundball, 6, EV 105.0 MPH)
|
Bottom of the 7th over - 2 runs, 3 hits, 0 errors, 3 left on base; Burlington 5 - Baltimore (APP) 9 |
TOP OF THE 8TH |
Burlington Royals batting - Pitching for Baltimore (APP) Orioles : RHP Joe Sloboda
|
Batting: RHB Leo Lopez
|
0-0: Ball 1-0: Swinging Strike 1-1: Ground out 2-3 (Groundball, 2R, EV 70.0 MPH)
|
Batting: RHB Chris Stec
|
0-0: Foul Ball, location: 2F 0-1: Ball 1-1: Ball 2-1: Swinging Strike 2-2: Ball 3-2: Ground out 4-3 (Groundball, 4, EV 85.6 MPH)
|
Pinch Hitting: SHB Gary Woodroffe
|
0-0: Called Strike 0-1: Ball 1-1: Swinging Strike 1-2: Foul Ball, location: 2F 1-2: Fly out, F7 (Line Drive, 7D, EV 85.0 MPH)
|
Top of the 8th over - 0 runs, 0 hits, 0 errors, 0 left on base; Burlington 5 - Baltimore (APP) 9 |
BOTTOM OF THE 8TH |
Baltimore (APP) Orioles batting - Pitching for Burlington Royals : RHP David Bialas
|
Now in CF: Esteban Acuna
|
|
Batting: RHB Pedro Luera
|
0-0: Called Strike 0-1: Ground out 2-3 (Groundball, 15S, EV 65.0 MPH)
|
Pitching: RHP Ramiro Castillo
|
|
Batting: RHB Jeff Parlo
|
0-0: Swinging Strike 0-1: Swinging Strike 0-2: Strikes out swinging
|
Batting: RHB Tyler Cohen
|
0-0: Ball 1-0: Called Strike 1-1: Ball 2-1: Ball 3-1: Base on Balls
|
Batting: LHB Edwin Cabral
|
0-0: Fielders Choice at 2nd, 5-4 (Groundball, 56, EV 83.8 MPH)
|
Bottom of the 8th over - 0 runs, 0 hits, 0 errors, 1 left on base; Burlington 5 - Baltimore (APP) 9 |
TOP OF THE 9TH |
Burlington Royals batting - Pitching for Baltimore (APP) Orioles : RHP Joe Sloboda
|
Pitching: RHP Dave Shenton
|
|
Batting: LHB Javy Rueda
|
0-0: Ground out U3 (Groundball, 34, EV 102.5 MPH)
|
Batting: RHB Kyle Finney
|
0-0: Ball 1-0: Foul Ball, location: 2F 1-1: Swinging Strike 1-2: Ground out 5-3 (Groundball, 56S, EV 85.6 MPH)
|
Batting: RHB John Normand
|
0-0: Ball 1-0: Called Strike 1-1: Ball 2-1: Foul Ball, location: 2F 2-2: Strikes out swinging
|
Top of the 9th over - 0 runs, 0 hits, 0 errors, 0 left on base; Burlington 5 - Baltimore (APP) 9 |
|